 Dungeon Crawl Stone Soup version 0.28.0 (webtiles) character file.

Game seed: 3534424285210144658

224 Lobster4 the Shooter (level 6, -1/43 HPs)
             Began as a Human Wanderer on Feb 8, 2022.
             Slain by a black bear (2 damage)
             ... on level 4 of the Dungeon.
             The game lasted 00:12:45 (3550 turns).

Lobster4 the Shooter (Human Wanderer)               Turns: 3550, Time: 00:12:45

Health: -1/43      AC: 15    Str:  9 (11) XL:     6   Next: 20%
Magic:  9/9        EV:  8    Int: 11      God:
Gold:   120        SH:  0    Dex: 15 (17) Spells: 8/9 levels left

rFire   . . .      SeeInvis .   a - +2 mace (protect)
rCold   + . .      Faith    .   (no shield)
rNeg    . . .      Spirit   .   c - +0 scale mail
rPois   .          Reflect  .   (no helmet)
rElec   .          Harm     .   f - +0 cloak
rCorr   .          Rampage  .   (no gloves)
Will    .....                   (no boots)
Stlth   ..........              (no amulet)
HPRegen 0.14/turn               (no ring)
MPRegen 0.11/turn               (no ring)

@: about to teleport, under a protective aura
A: cold resistance 1, MP-powered wands
a: no special abilities


You were on level 4 of the Dungeon.
You visited 1 branch of the dungeon, and saw 4 of its levels.

You collected 120 gold pieces.

Inventory:

Hand Weapons
 a - a +2 mace of protection (weapon)
 b - a +0 vorpal shortbow
 n - a +0 whip
 s - a +0 mace
Missiles
 d - 74 stones (quivered)
 e - 36 arrows
Armour
 c - a +0 scale mail (worn)
 f - a +0 cloak (worn)
Magical Staves
 p - a staff of air
Jewellery
 o - an amulet of faith
Scrolls
 g - a scroll of blinking {unknown}
 j - a scroll of fog {unknown}
 k - a scroll of fear {unknown}
 q - 3 scrolls of identify {unknown}
 r - a scroll of enchant weapon {unknown}


   Skills:
 - Level 1.0 Fighting
 - Level 1.0 Maces & Flails
 + Level 4.8 Bows
 + Level 3.3 Armour
 + Level 2.4 Spellcasting
 + Level 3.3 Conjurations
 - Level 1.0 Invocations


You had 8 spell levels left.
You knew the following spells:

 Your Spells              Type           Power      Damage    Failure   Level
a - Magic Dart            Conj           32%        1d4       47%         1

Your spell library contained the following spells:

 Spells                   Type           Power      Damage    Failure   Level
 Apportation              Tloc           2%         N/A       90%         1
 Summon Small Mammal      Summ           4%         N/A       90%         1
 Blink                    Tloc           2%         N/A       97%         2
 Mephitic Cloud           Conj/Pois/Air  3%         N/A       98%         3
 Call Canine Familiar     Summ           1%         N/A       99%         3
 Lesser Beckoning         Tloc           1%         N/A       99%         3
 Summon Guardian Golem    Hex/Summ       1%         N/A       99%         3
 Manifold Assault         Tloc           1%         N/A       100%        5


Dungeon Overview and Level Annotations

Branches:
Dungeon (4/15)
 Temple: D:4-7

Altars:
Makhleb

Annotations:
D:2 exclusion: scorpion
D:3 Sigmund


Innate Abilities, Weirdness & Mutations

Your flesh is cold resistant. (rC+)
You expend magic power (3 MP) to strengthen your wands.


Message History

The black bear bites you but does no damage.
The black bear claws you but does no damage.
The black bear closely misses you.
You hit the black bear.
The black bear is severely wounded.
The black bear bites you.
The black bear claws you but does no damage.
The black bear barely misses you. x2; The black bear claws you.
The black bear claws you but does no damage.
You completely miss the black bear.
The black bear is severely wounded.
The black bear bites you but does no damage.
The black bear barely misses you. The black bear claws you.
The black bear bites you!
* * * LOW HITPOINT WARNING * * *
The black bear claws you but does no damage.
The black bear barely misses you.
You hit the black bear but do no damage.
The black bear is severely wounded.
The black bear bites you but does no damage.
The black bear claws you but does no damage. x2
The black bear bites you but does no damage.
The black bear barely misses you. The black bear claws you.
* * * LOW HITPOINT WARNING * * *
You hit the black bear but do no damage.
The black bear is severely wounded.
The black bear bites you.
* * * LOW HITPOINT WARNING * * *
The black bear barely misses you. The black bear claws you.
* * * LOW HITPOINT WARNING * * *
The black bear bites you.
* * * LOW HITPOINT WARNING * * *
The black bear claws you but does no damage.
The black bear barely misses you.
As you read the scroll of teleportation, it crumbles to dust.
You feel strangely unstable.
The black bear bites you but does no damage.
The black bear claws you but does no damage.
The black bear claws you.
You die...

....# ....# ####### ..†.# #######
#...... ##### #.....#
#########...... # ##.....#
#...#...#...... # #......####
#...#.#.#......
#######.>.......###...#.#.......#
.....##...†.....##....#......##.#
####.##.###.....@hg...(########.#
...#.##...#..≈≈≈≈≈≈≈≈≈....# #.#
.#.#.####.#..≈.......≈..#.# #.#
.#.#.####.#..≈.≈≈≈§§.≈.## # #..
..........#..≈.≈...≈.≈.# ###
##.#.###.##..≈.≈._.≈.≈..#
...#.#.......≈.≈...≈.≈..#
.###.#...###....≈§§≈.≈..#
.###....####.§.......≈....


You could see a black bear (berserk) and a hobgoblin.

Vanquished Creatures
  A phantom (D:4)
  Jessica (D:2)
  4 adders
  A howler monkey skeleton (D:4)
  A dart slug (D:1)
  2 orcs (D:3)
  6 endoplasms
  A giant cockroach (D:3)
  9 goblins
  5 hobgoblins
  11 jackals
  11 kobolds
  5 quokkas
  6 ball pythons
  4 bats
  2 frilled lizards (D:2)
  4 rats
74 creatures vanquished.

Notes
Turn   | Place    | Note
-------+----------+-------------------------------------------
     0 | D:1      | Lobster4 the Human Wanderer began the quest for the Orb.
     0 | D:1      | Lobster4 set off with the following items: a +0 vorpal
                  | shortbow, 29 arrows, a +0 scale mail; and the following
                  | spell memorised: Magic Dart; and the following spells
                  | available to memorise: Mephitic Cloud
     0 | D:1      | Reached XP level 1. HP: 13/13 MP: 2/2
   143 | D:1      | Reached XP level 2. HP: 18/19 MP: 3/3
   482 | D:1      | Found a faded altar of an unknown god.
   490 | D:1      | Got Plato's Volume of Translocation
   501 | D:1      | Reached XP level 3. HP: 24/24 MP: 5/5
   888 | D:2      | Noticed Jessica
  1034 | D:2      | Killed Jessica
  1035 | D:2      | Reached XP level 4. HP: 30/30 MP: 6/6
  1079 | D:2      | Noticed a scorpion
  2269 | D:3      | Reached XP level 5. HP: 34/35 MP: 8/8
  2338 | D:3      | Noticed Sigmund
  2894 | D:4      | Noticed a phantom
  2954 | D:4      | Gained mutation: Your flesh is cold resistant. (rC+)
                  | [potion of mutation]
  2954 | D:4      | Gained mutation: You expend magic power (3 MP) to
                  | strengthen your wands. [potion of mutation]
  2958 | D:4      | Killed a phantom
  2959 | D:4      | Reached XP level 6. HP: 7/42 MP: 9/9
  3304 | D:4      | Reached skill level 1 in Fighting
  3334 | D:4      | Found a burning altar of Makhleb.
  3349 | D:4      | Reached skill level 1 in Maces & Flails
  3516 | D:4      | Noticed a black bear
  3549 | D:4      | HP: 1/43 [black bear (5)]
  3550 | D:4      | Slain by a black bear

Illustrated notes

Levels and vault maps discovered:
D:1:      nagdon_arrival_zigzag_paths, layout_loops_ring,
          shapermc_ecumenical_altar_rom_forum
D:2:      layout_basic, serial_shops, nicolae_shop_hallway_stairs, basic_altar,
          grunt_ministairs_6, uniq_jessica
D:3:      layout_basic, uniq_sigmund
D:4:      layout_basic, mainiacjoe_overflow_concentric_impassable,
          minmay_temple_entry_wispy, serial_shops,
          nicolae_shop_bloodbath_and_beyond, amethyst_killhole, uniq_eustachio

Skill      XL: |  1  2  3  4  5  6 |
---------------+-------------------+-----
Spellcasting   | 2 |  2.4
Armour         | 3 |  3.3
Conjurations   | 3 |  3.3
Fighting       | 1 |  1.0
Maces & Flails | 1 |  1.0
Bows           | |  4.8
Invocations    | |  1.0

Action                   |  1- 3 |  4- 6 || total
-------------------------+-------+-------++-------
Melee: Unarmed           |     2 |       ||     2
       Whip              |    29 |    31 ||    60
       Mace              |       |   101 ||   101
       Punch             |       |     2 ||     2
 Fire: Shortbow          |    49 |    29 ||    78
  Use: Scroll            |       |     2 ||     2
       Potion            |       |     4 ||     4
Armor: Scale mail        |    39 |   121 ||   160
Dodge: Dodged            |    31 |    86 ||   117
